AoeStats
← Yaksh_it

Nomad

506819288Analyzed
4v4 RM · 17d ago on Sep 15, 2026· 44m 16s· 8 players
Game mode
Random Map
Map size
231×231
Population
200
Speed
Normal
Resources
Standard
Victory
Conquest
Starting age
Dark Age
Ending age
Imperial Age
RankedLock teamsTeams togetherTeam positionsShared explorationLock speedFull tech treeHidden civsTurbo modeCheats
Victory
Defeat
🇦🇺 Turks · Australia
1711
+10
🇨🇳 Ethiopians · China
1692
+11
🇦🇺 Mapuche · Australia
1631
+13
🇦🇺 Dravidians · Australia
1577
+16
🇨🇳 Wei · China
1681
-16
🇮🇳 Saracens · India
1559
-12
🇲🇽 Celts · Mexico
1552
-12
🇻🇳 Bengalis · Vietnam
1508
-10
timembh
5:18 Loom
13:26 Feudal Age
18:42 Castle Age
17:17 Double-Bit Axe
19:42 Bow Saw
19:36 Town Watch
20:43 Fletching
24:08 Sanctity
38:27 Redemption
lazypig
8:47 Loom
13:59 Feudal Age
14:51 Double-Bit Axe
15:15 Gold Mining
18:40 Castle Age
17:02 Fishing Lines
17:43 Stone Mining
18:23 Fletching
19:02 Bloodlines
19:15 Gillnets
19:59 Bow Saw
20:19 Medium Warships
19:58 Horse Collar
21:24 Bodkin Arrow
21:58 Padded Archer Armor
22:12 Husbandry
22:18 Heavy Plow
24:58 Ballistics
29:59 Wheelbarrow
29:23 Town Watch
31:06 Gold Shaft Mining
31:26 Leather Archer Armor
32:16 Thumb Ring
37:07 Imperial Age
35:21 Hand Cart
35:59 Scale Barding Armor
36:05 Forging
37:22 Stone Shaft Mining
37:33 Chain Barding Armor
38:17 Parthian Tactics
37:52 Bracer
38:53 Chemistry
37:45 Heavy Hei Guang Cavalry
39:47 Ring Archer Armor
Yaksh_it
12:38 Feudal Age
13:40 Double-Bit Axe
17:17 Castle Age
16:05 Gold Mining
16:18 Stone Mining
16:26 Stone Mining
18:23 Bow Saw
19:25 Horse Collar
24:24 Wheelbarrow
24:03 Heavy Plow
24:32 Town Watch
24:33 Loom
26:39 Hand Cart
33:57 Imperial Age
31:41 Forging
32:00 Scale Barding Armor
32:38 Gold Shaft Mining
32:31 Bloodlines
32:22 Husbandry
33:53 Chain Barding Armor
33:57 Fletching
34:01 Elite Mameluke
34:44 Padded Archer Armor
35:09 Conscription
35:52 Plate Barding Armor
36:20 Ballistics
36:49 Iron Casting
40:15 Two-Man Saw
39:11 Bodkin Arrow
40:20 Chemistry
39:20 Elite Skirmisher
40:05 Thumb Ring
40:56 Bracer
41:12 Leather Archer Armor
Yun
14:24 Feudal Age
13:18 Loom
18:01 Castle Age
16:04 Double-Bit Axe
18:56 Medium Warships
32:13 Town Watch
RogerRamjet
4:33 Loom
11:41 Feudal Age
12:10 Double-Bit Axe
15:46 Fletching
23:14 Castle Age
21:31 Horse Collar
24:17 Medium Warships
23:49 Fishing Lines
24:44 Bow Saw
25:13 Gillnets
26:58 Bodkin Arrow
28:06 Wheelbarrow
28:01 Clinker Construction
29:48 Hand Cart
29:58 Careening
30:56 Heavy Plow
30:57 Town Watch
36:17 Imperial Age
34:48 Padded Archer Armor
35:53 Leather Archer Armor
35:45 Gold Mining
36:10 Thumb Ring
36:27 Husbandry
37:05 Bracer
38:08 Ballistics
39:03 Two-Man Saw
39:07 Chemistry
38:08 Elite Elephant Archer
41:33 Stone Mining
42:51 Ring Archer Armor
43:27 Conscription
43:45 Medical Corps
43:53 Siege Elephant
Mau5
11:30 Loom
13:16 Feudal Age
17:25 Castle Age
15:34 Double-Bit Axe
15:31 Horse Collar
16:55 Gold Mining
18:32 Bow Saw
18:37 Forging
18:12 Demolition Ship
27:08 Town Watch
28:27 Heavy Plow
33:36 Iron Casting
36:56 Imperial Age
34:22 Fletching
35:38 Ballistics
36:22 Wheelbarrow
36:38 Bodkin Arrow
38:50 Blast Furnace
38:32 Elite Kona
40:30 Conscription
44:41 Malon
44:54 Butalmapu
十大地方
4:57 Loom
12:31 Feudal Age
18:14 Castle Age
16:42 Double-Bit Axe
18:19 Crossbowman
18:50 Fletching
19:27 Bow Saw
21:15 Town Watch
22:22 Wheelbarrow
24:17 Padded Archer Armor
24:15 Bodkin Arrow
25:16 Padded Archer Armor
26:16 Ballistics
25:58 Gold Mining
27:49 Hand Cart
27:24 Horse Collar
31:36 Heavy Plow
34:41 Imperial Age
33:37 Leather Archer Armor
34:13 Thumb Ring
35:18 Masonry
34:47 Arbalester
35:35 Bracer
37:52 Chemistry
39:54 Ring Archer Armor
41:30 Conscription
44:04 Scale Mail Armor
44:14 Forging
Bog Sauce
4:40 Loom
14:23 Feudal Age
15:45 Double-Bit Axe
18:04 Castle Age
17:01 Scale Barding Armor
17:10 Forging
18:48 Bloodlines
20:27 Fishing Lines
21:43 Scale Barding Armor
23:30 Wheelbarrow
22:40 Town Watch
24:57 Medium Warships
25:51 Horse Collar
26:25 Bow Saw
29:01 Stone Mining
32:47 Husbandry
33:45 Fletching
38:05 Imperial Age
36:20 Chain Barding Armor
36:14 Gold Mining
36:52 Hand Cart
36:36 Bodkin Arrow
38:28 Iron Casting
38:33 Thumb Ring
38:30 Padded Archer Armor
38:54 Bracer
39:51 Plate Barding Armor
38:57 Heavy Cavalry Archer
40:03 Parthian Tactics
40:07 Conscription
40:08 Sipahi
40:06 Leather Archer Armor
41:01 Two-Man Saw
40:55 Heavy Plow
41:41 Gold Shaft Mining
42:57 Blast Furnace
43:33 Ballistics
44:59 Ring Archer Armor
Connection lost

Rejoining the realm…

Still unreachable

The connection could not be restored.

Session expired

The server has moved on; the page needs a fresh start.